 Dungeon Crawl Stone Soup version 0.31-a0-1589-g8f5e8aebd6 (webtiles) character file.

Game seed: 5051922540261831564

59 pokeman the Magician (level 3, 0/20 HPs)
             Began as a Deep Elf Hedge Wizard on Jan 5, 2024.
             Slain by a gnoll
             ... wielding a +0 spear
              (5 damage)
             ... on level 3 of the Dungeon.
             The game lasted 00:02:39 (2606 turns).

pokeman the Magician (Deep Elf Hedge Wizard)        Turns: 2606, Time: 00:02:39

Health: 0/20       AC:  2    Str:  7    XL:     3   Next: 78%
Magic:  2/11       EV: 12    Int: 20    God:
Gold:   107        SH:  0    Dex: 14    Spells: 4/12 levels left

rFire   + . .        m - +1 whip of Brawling {pain, rF+}
rCold   . . .        (no shield)
rNeg    . . .        b - +0 robe
rPois   .            c - +0 hat
rElec   .            o - scarf {shadows}
rCorr   .            (no gloves)
SInv    .            (no boots)
Will    .....        (no amulet)
Stlth   ++           (no ring)
HPRegen 0.23/turn    (no ring)
MPRegen 0.12/turn

%: no passive effects
@: no status effects
A: no striking features
a: no special abilities


You were on level 3 of the Dungeon.
You visited 1 branch of the dungeon, and saw 3 of its levels.

You collected 107 gold pieces.

Inventory:

Hand Weapons
 m - the +1 whip of Brawling (weapon) {pain, rF+}
   (You found it on level 2 of the Dungeon)

   rF+:       It protects you from fire.
Armour
 b - a +0 robe (worn)
 c - a +0 hat (worn)
 o - a scarf of shadows (worn)
Magical Staves
 i - a staff of cold
Jewellery
 f - an amulet of guardian spirit
Scrolls
 e - a scroll of enchant weapon {unknown}
 g - a scroll of poison {unknown}
 h - a scroll of teleportation {unknown}
 j - 2 scrolls of fog {unknown}
 k - 3 scrolls of identify {unknown}
 l - a scroll of enchant armour {unknown}
Potions
 a - a potion of lignification {unknown}
 d - 2 potions of magic
 n - 4 potions of curing {unknown}


   Skills:
 - Level 1.0 Fighting
 - Level 1.0 Armour
 + Level 2.5 Dodging
 + Level 2.4 Stealth
 * Level 5.3 Spellcasting
 + Level 2.0 Conjurations
 - Level 1.1 Summonings
 - Level 1.1 Translocations


You had 4 spell levels left.
You knew the following spells:

 Your Spells              Type           Power      Damage    Failure   Level
a - Magic Dart            Conj           52%        1d5       4%          1
b - Mephitic Cloud        Conj/Alch/Air  8%         N/A       26%         3
c - Call Imp              Summ           18%        N/A       11%         2
d - Blink                 Tloc           18%        N/A       11%         2

Your spell library contained the following spells:

 Spells                   Type           Power      Damage    Failure   Level
 Slow                     Hex            20%        N/A       11%         1
 Lesser Beckoning         Tloc           18%        N/A       11%         2
 Cigotuvi's Dreadful Rot  Necr/Alch/Air  10%        N/A       17%         2
 Gell's Gravitas          Tloc           9%         N/A       22%         3
 Teleport Other           Tloc           9%         N/A       22%         3


Dungeon Overview and Level Annotations

Branches:
Dungeon (3/15)

Altars:


Message History

Unknown command.
Unknown command.
You feel less confused.
The orc is engulfed in noxious fumes.
The orc appears confused.
You hit the orc.
The orc is heavily wounded.
The orc is engulfed in noxious fumes.
The orc appears confused.
The orc hits you but does no damage.
You hit the orc.
The orc is severely wounded.
The orc is engulfed in noxious fumes.
The orc appears confused.
The orc completely misses you.
The bombardier beetle is engulfed in noxious fumes.
The bombardier beetle appears confused.
You hit the orc but do no damage. You punch the orc, but do no damage.
The orc is severely wounded.
The orc barely misses you.
A gnoll comes into view. It is wielding a +0 spear.
You barely miss the orc.
The orc is severely wounded.
The orc closely misses you.
The bombardier beetle is engulfed in noxious fumes.
You hit the orc but do no damage.
The orc is severely wounded.
You hit the orc.
The orc is almost dead.
The orc hits you with a +0 short sword.
The orc hits itself but does no damage.
The bombardier beetle is engulfed in noxious fumes.
The bombardier beetle appears confused.
You hit the orc.
You kill the orc!
The gnoll hits you from afar with a +0 spear. x2
* * * LOW HITPOINT WARNING * * *
Casting: Mephitic Cloud (extremely dangerous; 26% risk of failure)
Confirm with . or Enter, or press ? or * to list all spells.
You don't have enough magic to cast this spell.
There are monsters nearby!
You aren't carrying any items that you can evoke.
The gnoll hits you from afar with a +0 spear.
You die...

#######...#######
#>....+...'.....#
#.#...#...#####.#
#.###..#### #..
#.# ##.# ### #.#
#.# ##'## #.#
#...# #.# #@..#
#.. . #..g######.
# #..........
#### #).........
... ##B########
#.###'###
#.......#
#..)....#
#.......#


You could see a bombardier beetle (confused) and a gnoll.

Vanquished Creatures
  2 adders (D:3)
  A ribbon worm (D:2)
  3 orcs (D:3)
  4 bats
  2 endoplasms (D:3)
  2 giant cockroaches (D:1)
  3 goblins (D:3)
  4 hobgoblins
  3 quokkas
  4 ball pythons
  3 frilled lizards
  A kobold (D:2)
  2 rats
34 creatures vanquished.

Notes
Turn   | Place    | Note
-------+----------+-------------------------------------------
     0 | D:1      | pokeman the Deep Elf Hedge Wizard began the quest for the
                  | Orb.
     0 | D:1      | Reached XP level 1. HP: 10/10 MP: 7/7
   374 | D:1      | Reached XP level 2. HP: 16/16 MP: 2/9
  1220 | D:2      | Identified the +1 whip of Brawling {pain, rF+}
  1699 | D:2      | Reached skill level 5 in Spellcasting
  1975 | D:3      | Reached XP level 3. HP: 20/20 MP: 3/11
  1981 | D:3      | Learned a level 3 spell: Mephitic Cloud
  1984 | D:3      | Learned a level 2 spell: Call Imp
  1987 | D:3      | Learned a level 2 spell: Blink
  2411 | D:3      | Reached skill level 1 in Armour
  2591 | D:3      | Reached skill level 1 in Fighting
  2606 | D:3      | Slain by a gnoll

Illustrated notes

Levels and vault maps discovered:
D:1:      nagdon_arrival_double_spiral, layout_loops_ring, serial_forest,
          infiniplex_forest_straight_2, infiniplex_forest_straight_5,
          infiniplex_forest_lined_corner, infiniplex_forest_lined_2,
          infiniplex_forest_lined_room_, infiniplex_forest_lined_room_3,
          infiniplex_forest_end_2, infiniplex_forest_end_3,
          infiniplex_forest_end_1, minmay_pentomino_p4
D:2:      layout_loops_ring
D:3:      layout_basic, uniq_grinder

Skill      XL: |  1  2  3 |
---------------+----------+-----
Spellcasting   | 5 |  5.3
Armour         | 1 |  1.0
Fighting       | 1 |  1.0
Conjurations   | 2 |  2.0
Dodging        | |  2.5
Stealth        | |  2.4
Summonings     | |  1.1
Translocations | |  1.1

Action                     || total
---------------------------++-------
  Melee: Whip              ||    22
         Punch             ||     2
   Cast: Magic Dart        ||    91
         Mephitic Cloud    ||     3
   Stab: Sleeping          ||     1
         Confused          ||     3
 Armour: Robe              ||    26
  Dodge: Dodged            ||    33

Table legend: (Time is in decaauts)
 A = Elapsed time spent in this place.
 B = Non-inter-level travel time spent in this place.
 C = Inter-level travel time spent in this place.
 D = Time resting spent in this place.
 E = Time spent auto-exploring this place.
 F = Levels seen in this place.
 G = Mean time per level.
                   A        B        C        D        E       F      G
               +--------+--------+--------+--------+--------+-----+--------+
         Total |   2607 |   2575 |     32 |      0 |   2345 |   3 |  869.0 |
       Dungeon |   2607 |   2575 |     32 |      0 |   2345 |   3 |  869.0 |
               +--------+--------+--------+--------+--------+-----+--------+

Top non-repeatable levels by time:
     D:1: 1086 daAuts
     D:3: 796 daAuts
     D:2: 724 daAuts
